 Dungeon Crawl Stone Soup version 0.30.1-11-g7821555f0a (webtiles) character file.

Game seed: 10790540931293630143

10 zzzz the Chopper (level 2, 0/14 (25) HPs)
             Began as a Hill Orc Reaver on Nov 14, 2023.
             Constricted to death by a ball python (1 damage)
             ... on level 1 of the Dungeon.
             The game lasted 00:01:26 (293 turns).

zzzz the Chopper (Hill Orc Reaver)                   Turns: 293, Time: 00:01:26

HP:   0/14 (25)     AC:  3    Str: 14    XL:     2   Next: 20%
MP:   4/4           EV:  8    Int: 13    God:
Gold: 0             SH:  0    Dex:  9    Spells: 3/4 levels left

rFire   . . .        a - +0 hand axe
rCold   . . .        (no shield)
rNeg    . . .        b - +0 leather armour
rPois   .            (no helmet)
rElec   .            (no cloak)
rCorr   .            (no gloves)
SInv    .            (no boots)
Will    .....        (no amulet)
Stlth   +            (no ring)
HPRegen 0.22/turn    (no ring)
MPRegen 0.09/turn

%: no passive effects
@: constricted, very heavily drained
A: no striking features
a: no special abilities


You were on level 1 of the Dungeon.
You visited 1 branch of the dungeon, and saw 2 of its levels.

Inventory:

Hand Weapons
 a - a +0 hand axe (weapon)
Armour
 b - a +0 leather armour (worn)
Potions
 c - a potion of brilliance {unknown}


   Skills:
 + Level 2.5 Fighting
 + Level 4.1 Axes
 + Level 1.7 Dodging
 + Level 1.7 Spellcasting
 + Level 3.2 Conjurations


You had 3 spell levels left.
You knew the following spells:

 Your Spells              Type           Power      Damage    Failure   Level
a - Kiss of Death         Conj/Necr      20%        2d7       17%         1

Your spell library contained the following spells:

 Spells                   Type           Power      Damage    Failure   Level
 Momentum Strike          Conj/Tloc      10%        3d8       26%         2
 Hailstorm                Conj/Ice       5%         3d4       45%         3


Dungeon Overview and Level Annotations

Branches:
Dungeon (2/15)

Altars:


Message History

The ball python grabs you. The ball python constricts you.
The hobgoblin closely misses you. The ball python closely misses you.
The ball python constricts you.
You hit the hobgoblin.
You kill the hobgoblin!
You barely miss the ball python. You barely miss the dart slug.
The ball python bites you. The ball python constricts you.
The dart slug bites you.
You escape the ball python's grasp.
The ball python closely misses you. x2
Unknown command.
The dart slug briefly extends its eye-stalks.
The dart slug closely misses you. The ball python closely misses you. x2
The dart slug launches a dart at you. The slug dart hits you.
You hit the dart slug but do no damage. You hit the ball python.
The ball python bites you but does no damage.
The ball python grabs you. The ball python constricts you.
The dart slug bites you but does no damage.
Unknown command.
You hit the dart slug.
The dart slug is lightly wounded.
You hit the ball python. The ball python barely misses you.
The ball python constricts you.
* * * LOW HITPOINT WARNING * * *
The ball python bites you but does no damage.
The ball python constricts you.
* * * LOW HITPOINT WARNING * * *
You hit the dart slug.
The dart slug is heavily wounded.
You closely miss the ball python. The dart slug bites you.
* * * LOW HITPOINT WARNING * * *
The ball python bites you but does no damage.
The ball python constricts you.
You hit the dart slug.
The dart slug is severely wounded.
You closely miss the ball python.
The ball python bites you but does no damage.
The ball python constricts you.
You die...

###########.##........
...................... #
###................. #
#..........#....###. .
###.#.#.#.#.............
..†...#.#.#).#....###...
##....#.#.#..#..........
##....#.#.#...)S........
##....#.#.#.#..w@.......
........#.#.##.#....(...
######..................
. .........#.......# ##
..................# ..
............#... ##
.........>..... . ...
..........


You could see a dart slug and a ball python.

Vanquished Creatures
  A giant cockroach (D:2)
  A goblin (D:1)
  A hobgoblin (D:1)
  A quokka (D:1)
  2 ball pythons
  2 bats (D:1)
  A kobold (D:1)
  2 rats (D:1)
11 creatures vanquished.

Notes
Turn   | Place    | Note
-------+----------+-------------------------------------------
     0 | D:1      | zzzz the Hill Orc Reaver began the quest for the Orb.
     0 | D:1      | Reached XP level 1. HP: 18/18 MP: 3/3
    82 | D:1      | You fall into a shaft and drop 1 floor!
   227 | D:1      | Reached XP level 2. HP: 17/17 MP: 2/4
   293 | D:1      | Constricted to death by a ball python

Illustrated notes

Levels and vault maps discovered:
D:1:      erik_arrival_cave_to_civilisation [erik_arrival_cave_to_hall],
          layout_basic
D:2:      layout_basic, serial_shops, nicolae_shop_hallway_plus, basic_altar,
          uniq_crazy_yiuf_cottage

Action                     || total
---------------------------++-------
  Melee: Hand axe          ||    25
         Punch             ||     1
   Cast: Kiss of Death     ||     4
 Armour: Leather armour    ||    14
  Dodge: Dodged            ||    40
